[Event "Gibraltar Amateurs B 2020"]
[Site "Caleta"]
[Date "2020.01.25"]
[Round "1.1"]
[White "Longdin, Michael"]
[Black "Sedgwick, David"]
[Result "0-1"]
[ECO "D02"]
[WhiteElo "1680"]
[BlackElo "1894"]
[Annotator "NA RC"]
[PlyCount "106"]
[EventDate "2020.01.20"]
[EventType "swiss"]
[EventCountry "GGB"]
[SourceTitle "playchess.com"]
[Source "ChessBase"]
[SourceQuality "1"]
[TimeControl "6600+10"]

1. d4 c5 2. c3 e6 3. Bf4 d5 4. e3 Nc6 5. Nf3 Nf6 6. Nbd2 Be7 7. Bd3 b6 8. Ne5 {[%emt 0:01:12] D02: 1 d4 d5 2 Nf3 sidelines, including 2...Nf6 3 g3 and 2...Nf6 3 Bf4} (8. Qe2 Bb7 9. Rd1 Bd6 10. Bg3 Bxg3 11. hxg3 Qe7 12. dxc5 Qxc5 13. e4 dxe4 14. Nxe4 Nxe4 15. Bxe4 h6 {1-0 (50) Stocek,J (2560)-Sousa,A (2374) Karlsruhe 2017}) 8... Bb7 (8... Nxe5 $11 9. dxe5 Nd7) 9. Bb5 Rc8 10. Qa4 a6 11. Bxc6+ $146 ({Predecessor:} 11. Nxc6 axb5 12. Nxd8 bxa4 13. Nxb7 Nh5 14. Nd6+ Bxd6 15. Bxd6 {1-0 (25) Dabraccio,G (1745)-Bracho Mendoza,A (1601) Cartagena 2012}) 11... Bxc6 12. Nxc6 Qd7 13. Qxa6 (13. Nxe7 $142 Qxa4 14. Nxc8) 13... Qxc6 14. Qe2 O-O 15. O-O c4 16. Rfe1 Ne4 17. Nxe4 dxe4 18. Be5 f6 19. Bg3 Qb5 20. Rf1 Qf5 21. f3 e5 (21... exf3 $16 {is a better defense.} 22. gxf3 (22. Qxf3 Qxf3 23. gxf3 Kf7 $16) (22. Rxf3 Qe4 $16) 22... Rfd8) 22. dxe5 (22. Qc2 $18) 22... fxe5 23. f4 exf4 24. Rxf4 Qe6 25. Qg4 Qxg4 26. Rxg4 Bc5 27. Rxe4 Rfe8 28. Rxe8+ Rxe8 29. Kf1 Bxe3 30. Re1 Rf8+ 31. Ke2 Bg5 32. Bf2 b5 33. Bd4 Ra8 34. a3 (34. Kf3 $16) 34... Re8+ 35. Kd1 Rd8 $2 ({Better is} 35... Rxe1+ $1 $14 36. Kxe1 Kf7) 36. Kc2 Bf4 37. g3 Bd6 38. Rf1 Re8 (38... g6 $16 {was called for.} 39. Rf6 Rd7) 39. Kd2 Re6 (39... Rb8 {might work better.} 40. Rf5 Rb7) 40. Rf5 Rh6 41. Bg1 ({But not} 41. Rxb5 Rxh2+ 42. Ke3 Kf7 $18) 41... Rf6 42. Rxf6 gxf6 43. Ke3 Kf7 $4 (43... Bc5+ $19 {and all is fine.} 44. Ke4 Bxg1) 44. g4 Bc5+ 45. Ke4 Bxg1 46. Kd5 Bxh2 47. Kc5 Ke6 48. Kxb5 Kd5 49. a4 Bg1 50. a5 Be3 51. a6 Bc5 52. a7 Bxa7 53. Ka6 Be3 0-1

[Event "Gibraltar Amateurs B 2020"]
[Site "Caleta"]
[Date "2020.01.25"]
[Round "1.2"]
[White "Nash, Damian"]
[Black "Poggio, Freddie"]
[Result "1-0"]
[ECO "B23"]
[WhiteElo "1890"]
[BlackElo "1680"]
[Annotator "NA RC"]
[PlyCount "43"]
[EventDate "2020.01.20"]
[EventType "swiss"]
[EventCountry "GGB"]
[SourceTitle "playchess.com"]
[Source "ChessBase"]
[SourceQuality "1"]
[TimeControl "6600+10"]

1. e4 c5 2. Nc3 Nc6 3. f4 e6 4. Nf3 d5 5. Bb5 a6 6. Bxc6+ bxc6 7. O-O {[%emt 0:00:28] B23: Closed Sicilian: Lines without g3} (7. d3 Bd6 8. O-O Ne7 9. Na4 O-O 10. c4 Ng6 11. e5 Be7 12. Qe2 a5 13. b3 f6 14. g3 fxe5 15. fxe5 dxc4 16. dxc4 Nxe5 {1-0 (38) Niering,M (2218)-Morczynski,J (1780) Berlin 2019}) 7... c4 8. d3 cxd3 9. cxd3 Bc5+ 10. d4 $146 ({Predecessor:} 10. Kh1 Nf6 11. d4 Be7 12. e5 Nd7 13. Qd3 c5 14. f5 Nf8 15. dxc5 Bxc5 {1-0 (25) Sanchez Moreira,A-Zamora Perera,G Cuba 1998}) 10... Ba7 11. Kh1 dxe4 12. Nxe4 Ne7 13. b3 Nf5 14. Ne5 ({White should play} 14. Ba3 $16) 14... Qd5 ({Don't play} 14... Qxd4 $6 15. Qf3 $16) (14... Bb7 $5 ) 15. Ng5 $2 (15. Re1 $14 {keeps the upper hand.}) 15... O-O 16. Ba3 Ne3 17. Qf3 (17. Qe2 $16 Bxd4 18. Bxf8 Kxf8 19. Rae1 (19. Nxh7+ Kg8 $11) (19. Ngxf7 Bb7 $14)) 17... Nxf1 {[%emt 0:01:44] [#]} 18. Qh5 $1 {[%emt 0:04:34] Double Attack} Ng3+ 19. hxg3 h6 20. Bxf8 hxg5 21. Qxf7+ Kh7 22. Qxg7# 1-0

[Event "Gibraltar Amateurs B 2020"]
[Site "Caleta"]
[Date "2020.01.25"]
[Round "1.3"]
[White "Boghi, Victor Almeida"]
[Black "Bosschem, Eddy"]
[Result "1/2-1/2"]
[ECO "A07"]
[WhiteElo "1679"]
[BlackElo "1881"]
[Annotator "NA RC"]
[PlyCount "57"]
[EventDate "2020.01.20"]
[EventType "swiss"]
[EventCountry "GGB"]
[SourceTitle "playchess.com"]
[Source "ChessBase"]
[SourceQuality "1"]
[TimeControl "6600+10"]

1. Nf3 d5 2. g3 Nf6 3. Bg2 c6 4. O-O Bg4 5. h3 Bh5 6. d3 {[%emt 0:00:24] A07: Réti Opening: New York and Capablanca Systems} (6. c4 e6 7. d3 dxc4 8. dxc4 Nbd7 9. Nc3 Qc7 10. Qc2 Be7 11. Nh4 O-O 12. Bf4 e5 13. Be3 Nc5 {0-1 (35) Meier,G (2626)-Kobalia,M (2609) Moscow 2019}) 6... e6 7. Nbd2 Bd6 8. e4 Qc7 9. Qe1 Nbd7 10. exd5 cxd5 11. c4 $146 ({Predecessor:} 11. Nd4 O-O 12. Nb5 Qb6 13. Nxd6 Qxd6 14. Nb3 Rac8 15. Bd2 Rfe8 16. Rc1 Qa6 17. Bc3 {½-½ (17) Weemaes,R (2318)-Knors,L (2306) Plancoet 2004}) 11... O-O 12. g4 Bg6 13. Qe2 Nc5 14. Ne1 Rad8 15. Ndf3 (15. d4 $1 $15 Nce4 16. c5 Bh2+ 17. Kh1) 15... dxc4 16. dxc4 Nd3 17. Nh4 {[%emt 0:05:24] [#]} Nf4 ({Better is} 17... Nxe1 $1 $19 18. Nxg6 Nxg2 19. Nxf8 Qc6) 18. Bxf4 Bxf4 19. Nxg6 hxg6 20. Nf3 Rd6 21. Rfd1 Rfd8 22. b3 b6 23. Rxd6 Qxd6 24. Rb1 e5 25. Nh2 Qd4 26. Nf1 Qd3 $11 27. Rb2 Kf8 28. Ne3 Qd4 29. Nd5 1/2-1/2

[Event "Gibraltar Amateurs B 2020"]
[Site "Caleta"]
[Date "2020.01.25"]
[Round "1.4"]
[White "Dumont, Andre"]
[Black "Krause, Helmut"]
[Result "1-0"]
[ECO "A30"]
[WhiteElo "1872"]
[BlackElo "1660"]
[Annotator "NA RC"]
[PlyCount "41"]
[EventDate "2020.01.20"]
[EventType "swiss"]
[EventCountry "GGB"]
[SourceTitle "playchess.com"]
[Source "ChessBase"]
[SourceQuality "1"]
[TimeControl "6600+10"]

1. Nf3 Nf6 2. c4 c5 3. b3 b6 4. Bb2 Bb7 5. e3 e6 6. Nc3 {[%emt 0:01:36] A30: Symmetrical English: Double Fianchetto and Hedgehog} Nc6 7. Qc2 (7. Be2 Be7 8. O-O O-O 9. d4 d5 10. cxd5 Nxd5 11. Nxd5 Qxd5 12. dxc5 Qxd1 13. Rfxd1 Bxc5 14. Rd7 Bc8 15. Rd2 a5 16. Bb5 Na7 17. Bd3 Bb7 18. a3 {0-1 (48) Safarli,E (2624)-Abasov,N (2636) Nakhchivan 2019}) 7... Qc7 $146 ({Predecessor:} 7... Be7 8. a3 O-O 9. Bd3 d5 10. cxd5 exd5 11. O-O Na5 {0-1 (48) Gabriel,J (2375)-Crouch,C (2315) Krumbach 1991}) 8. Be2 Be7 9. a3 a6 10. O-O d6 11. d4 cxd4 12. exd4 d5 13. cxd5 exd5 14. Rac1 Bd6 15. Qf5 Qc8 16. Qg5 Qg4 17. Qxg4 Nxg4 18. Nxd5 b5 19. h3 Nh6 {[%emt 0:00:57] [#]} 20. Nb6 $1 Rd8 $18 (20... O-O $142 21. Nxa8 Rxa8) 21. d5 1-0

[Event "Gibraltar Amateurs B 2020"]
[Site "Caleta"]
[Date "2020.01.25"]
[Round "1.5"]
[White "Gillis Glastone, Philippe"]
[Black "White, David J"]
[Result "0-1"]
[ECO "A43"]
[WhiteElo "1654"]
[BlackElo "1872"]
[Annotator "NA RC"]
[PlyCount "40"]
[EventDate "2020.01.20"]
[EventType "swiss"]
[EventCountry "GGB"]
[SourceTitle "playchess.com"]
[Source "ChessBase"]
[SourceQuality "1"]
[TimeControl "6600+10"]

1. d4 Nf6 2. Bf4 c5 3. d5 d6 4. Nc3 g6 5. Nf3 Bg7 6. e4 O-O {[%emt 0:01:08] A43: Schmid Benoni} (6... Qb6 7. Bb5+ Bd7 8. a4 a6 9. a5 Qd8 10. Be2 b5 11. axb6 Qxb6 12. Rb1 Bb5 13. O-O Nbd7 14. Re1 {0-1 (49) Caruana,F (2816)-Nakamura,H (2769) Paris 2018}) 7. Bc4 b5 $1 8. Bxb5 Qa5 (8... Nxe4 $5 9. Nxe4 Qa5+ 10. Nc3 Bxc3+ 11. bxc3 Qxb5 $15) 9. Bd3 c4 $1 10. Bxc4 Nxe4 11. Qd3 $2 $146 ({White should play Predecessor:} 11. O-O $15 Nxc3 12. bxc3 Qxc3 13. Qd3 Qxd3 14. cxd3 Bxa1 15. Rxa1 {0-1 (26) Manuel Mestras,N (1674)-Vanegas,R (1865) Mosquera 2014}) 11... Bf5 12. Bd2 {[%emt 0:16:54] [#]} (12. g4 {was worth a try.} Nxf2 13. Qd2 Bxg4 14. Qxf2 Bxc3+ 15. Bd2 Bxd2+ 16. Nxd2) 12... Nxf2 $1 13. Qe2 Nxh1 14. O-O-O Nd7 15. Nb5 Qb6 ({Don't take} 15... Qa4 16. Bb3 $19) 16. Rxh1 Rab8 17. b3 a6 18. Nc3 Qa5 19. Nb1 $19 (19. Na4 Qc7 20. Nh4) 19... Qxa2 20. Bc3 Bh6+ 0-1

[Event "Gibraltar Amateurs B 2020"]
[Site "Caleta"]
[Date "2020.01.25"]
[Round "1.6"]
[White "Nwachukwu, Chino"]
[Black "Izzard, Brian J"]
[Result "1-0"]
[ECO "B01"]
[WhiteElo "1868"]
[BlackElo "1626"]
[Annotator "NA RC"]
[PlyCount "40"]
[EventDate "2020.01.20"]
[EventType "swiss"]
[EventCountry "GGB"]
[SourceTitle "playchess.com"]
[Source "ChessBase"]
[SourceQuality "1"]
[TimeControl "6600+10"]

1. e4 d5 2. exd5 Nf6 3. d4 Nxd5 4. Nf3 Bg4 5. Be2 e6 6. O-O Be7 7. c4 Nf6 8. Qb3 b6 9. h3 Bf5 10. Nc3 Nbd7 11. Bf4 O-O 12. Nh4 Be4 13. Nxe4 Nxe4 14. Nf3 a5 ({Black should play} 14... Bd6 $14 15. Qe3 Bxf4 16. Qxf4 (16. Qxe4 Bh6 $14) 16... Nef6) 15. Rfd1 a4 ({Black should play} 15... Bd6 $14 16. Bd3 Bxf4 17. Bxe4 Rc8) 16. Qc2 Nef6 (16... f5 $16 {might work better.}) 17. Ne5 Nxe5 $18 (17... Nb8 $16 18. Rac1 h6) 18. dxe5 Nd7 19. Bf3 Ra5 20. Bc6 Nb8 1-0

[Event "Gibraltar Amateurs B 2020"]
[Site "Caleta"]
[Date "2020.01.25"]
[Round "1.7"]
[White "Henderson Franklin, Matthew"]
[Black "Teh, Wee Zhun"]
[Result "1/2-1/2"]
[ECO "B02"]
[WhiteElo "1617"]
[BlackElo "1857"]
[Annotator "NA RC"]
[PlyCount "32"]
[EventDate "2020.01.20"]
[EventType "swiss"]
[EventCountry "GGB"]
[SourceTitle "playchess.com"]
[Source "ChessBase"]
[SourceQuality "1"]
[TimeControl "6600+10"]

1. e4 Nf6 2. Nc3 d5 3. e5 d4 4. exf6 dxc3 5. fxg7 cxd2+ 6. Qxd2 Qxd2+ 7. Bxd2 Bxg7 8. O-O-O Nc6 9. Bb5 O-O 10. Nf3 Bg4 11. Bxc6 bxc6 12. h3 Bxf3 13. gxf3 Rab8 14. b3 Rfd8 15. Bf4 e5 16. Be3 $16 a6 1/2-1/2

[Event "Gibraltar Amateurs B 2020"]
[Site "Caleta"]
[Date "2020.01.25"]
[Round "1.8"]
[White "Bryant, Richard B E"]
[Black "Kearsley, Raymond J"]
[Result "1-0"]
[ECO "B01"]
[WhiteElo "1849"]
[BlackElo "1611"]
[Annotator "NA RC"]
[PlyCount "41"]
[EventDate "2020.01.20"]
[EventType "swiss"]
[EventCountry "GGB"]
[SourceTitle "playchess.com"]
[Source "ChessBase"]
[SourceQuality "1"]
[TimeControl "6600+10"]

1. e4 d5 2. exd5 Nf6 3. d4 Bg4 4. f3 Bf5 5. Bb5+ c6 6. dxc6 {[%emt 0:00:58] B01: Scandinavian Defence} Nxc6 7. Nc3 (7. Bxc6+ bxc6 8. Ne2 e5 9. O-O Qb6 10. c3 O-O-O 11. Na3 Bxa3 12. bxa3 exd4 13. cxd4 {1-0 (44) Demchenko,A (2649)-Dzhumaev,M (2469) Teheran 2017}) 7... e6 8. Nge2 Be7 9. Be3 O-O 10. Bf2 $146 ({Predecessor:} 10. Bd3 Qa5 11. O-O Rfd8 12. a3 Bxd3 13. Qxd3 Ne5 14. Qb5 Qxb5 15. Nxb5 Nc4 16. Bc1 Nd5 17. Kf2 a6 18. Nbc3 Nxc3 19. bxc3 Rd5 {½-½ (19) Kalvaitis,S (2260)-Hamann,F (2106) Eckernfoerde 2016}) 10... Nb4 11. Ba4 Rc8 12. Qd2 Nfd5 13. Bb3 a6 (13... Bg5 $11 {keeps the balance.} 14. f4 {[#]} Nxf4 $1 15. Nxf4 e5) 14. h4 h6 15. Ne4 $2 (15. Nxd5 $14 {keeps the upper hand.} Nxd5 16. Kf1) 15... Bh7 16. c4 Nb6 (16... Bxe4 $14 17. fxe4 Nf6) 17. a3 Nc6 18. g4 f5 19. gxf5 $11 exf5 20. c5+ Nd5 21. N4c3 1-0

[Event "Gibraltar Amateurs B 2020"]
[Site "Caleta"]
[Date "2020.01.25"]
[Round "1.9"]
[White "Krause, Marianne"]
[Black "Cooper, Malcolm H"]
[Result "1/2-1/2"]
[ECO "D04"]
[WhiteElo "1609"]
[BlackElo "1847"]
[Annotator "NA RC"]
[PlyCount "50"]
[EventDate "2020.01.20"]
[EventType "swiss"]
[EventCountry "GGB"]
[SourceTitle "playchess.com"]
[Source "ChessBase"]
[SourceQuality "1"]
[TimeControl "6600+10"]

1. d4 Nf6 2. Nf3 d5 3. e3 c5 4. b3 Bf5 5. Bb2 e6 6. Bd3 Bxd3 7. Qxd3 Be7 8. Nbd2 Nc6 9. a3 O-O 10. O-O a6 11. Rac1 b5 12. c4 bxc4 13. bxc4 cxd4 14. exd4 dxc4 15. Nxc4 Nd5 16. Nce5 Nxe5 17. Nxe5 Bd6 18. Rfd1 $15 Qg5 19. Rc6 Nf4 20. Qf3 Bxe5 21. dxe5 Rfc8 22. Rdc1 Rxc6 23. Rxc6 Nd5 24. Qe2 a5 25. Bc1 Qd8 1/2-1/2

[Event "Gibraltar Amateurs B 2020"]
[Site "Caleta"]
[Date "2020.01.27"]
[Round "3.1"]
[White "Marani, Luca"]
[Black "Sedgwick, David"]
[Result "1-0"]
[ECO "C14"]
[WhiteElo "1796"]
[BlackElo "1894"]
[Annotator "NA"]
[PlyCount "143"]
[EventDate "2020.01.20"]
[EventType "swiss"]
[EventCountry "GGB"]
[SourceTitle "playchess.com"]
[Source "ChessBase"]
[SourceQuality "1"]
[TimeControl "6600+10"]

1. e4 e6 2. d4 d5 3. Nc3 Nf6 4. Bg5 Be7 5. e5 Nfd7 6. h4 c5 7. Bxe7 Kxe7 8. f4 cxd4 9. Qxd4 Qb6 10. Nf3 Qxd4 11. Nxd4 Nc6 12. O-O-O f6 13. exf6+ Nxf6 14. Nf3 Re8 15. Bb5 Bd7 16. Rhe1 Kf8 17. Ne5 a6 18. Bd3 g6 19. Be2 d4 20. Ne4 Nxe4 21. Nxd7+ Ke7 22. Nb6 Rad8 {[%emt 0:01:14] [#]} 23. Bxa6 $1 bxa6 24. Rxe4 Kf7 25. Nc4 Re7 26. c3 dxc3 27. Ne5+ Kf6 28. bxc3 ({Not} 28. Nxc6 cxb2+ 29. Kxb2 Rxd1 $11) 28... Rxd1+ 29. Kxd1 Nxe5 30. Rxe5 Rc7 31. Kc2 h5 (31... Ke7 $142 32. Ra5 Rc4) 32. Ra5 Rc6 33. g3 Rd6 34. c4 Rd4 35. Kc3 Rd1 36. Kb4 Rb1+ 37. Kc5 Rg1 38. Ra3 Kf5 39. Kb6 Ke4 40. c5 Rb1+ 41. Kxa6 (41. Rb3 $142) 41... Kd5 42. Rc3 $2 (42. Rb3 Ra1 43. Kb6) 42... Kc6 43. Ka5 Rb8 (43... Rb5+ {was called for.} 44. Ka4 Rb2) 44. a3 Rb5+ 45. Ka4 Rb8 46. Re3 Re8 47. Kb4 Kd5 48. Re5+ Kd4 49. c6 Rb8+ 50. Rb5 Rc8 51. Rb6 Kd5 52. Kb5 Kd6 53. a4 Rf8 54. a5 (54. Rb7 $142 e5 55. fxe5+ Ke6 56. a5) 54... Rf5+ 55. Ka6 Kc7 56. Rb5 Rf8 57. Re5 Ra8+ 58. Kb5 Rb8+ 59. Kc5 Ra8 60. Kb4 Kd6 61. Rc5 Kc7 62. Kc4 Rb8 63. Kd4 Rb3 64. Rc3 Rb5 65. Ra3 Kxc6 66. a6 Rd5+ 67. Ke4 Rd8 68. a7 Ra8 69. Ke5 Kb7 $18 70. Kxe6 Re8+ 71. Kf6 Ka8 72. Kxg6 1-0

[Event "Gibraltar Amateurs B 2020"]
[Site "Caleta"]
[Date "2020.01.27"]
[Round "3.2"]
[White "Nwachukwu, Chino"]
[Black "Johansson, Daniel"]
[Result "1-0"]
[ECO "B98"]
[WhiteElo "1868"]
[BlackElo "1799"]
[Annotator "NA"]
[PlyCount "90"]
[EventDate "2020.01.20"]
[EventType "swiss"]
[EventCountry "GGB"]
[SourceTitle "playchess.com"]
[Source "ChessBase"]
[SourceQuality "1"]
[TimeControl "6600+10"]

1. e4 c5 2. Nf3 e6 3. d4 cxd4 4. Nxd4 Nf6 5. Nc3 d6 6. Bg5 a6 7. f4 Be7 8. Qf3 Qc7 9. O-O-O Nc6 10. g4 Nxd4 {[%emt 0:00:00] B98: Sicilian Najdorf: 6 Bg5 e6 7 f4 Be7, sidelines} (10... Bd7 11. Nb3 Rc8 12. Bxf6 gxf6 13. Bd3 Na5 14. Rhe1 Nxb3+ 15. axb3 Qa5 16. Kb1 h5 17. h3 Bc6 18. Ne2 Qc5 19. Nc3 Qa5 20. Ne2 Qc5 21. Nc3 Qa5 22. f5 hxg4 23. hxg4 Qe5 24. Rh1 Kd7 25. Ne2 Rcg8 {½-½ (25) Sriram,J (2418)-Vijayalakshmi,S (2384) Mexico City 2016}) 11. Rxd4 b5 12. Bxf6 Bxf6 13. Bxb5+ axb5 14. Nxb5 Qc6 15. Nxd6+ Ke7 16. Rc4 Bxb2+ 17. Kxb2 Rb8+ $146 ({Predecessor:} 17... Qxd6 18. e5 {0-1 (43) Orel,K-Vucko,M Bled 1999}) 18. Kc1 Qxd6 19. Rd1 Qb6 20. Qa3+ Ke8 $1 21. Qa4+ Ke7 22. Qa3+ Ke8 23. Rcd4 Rb7 24. R1d3 $2 (24. Rd6 $11 Qc7 25. f5) 24... Bd7 {[%emt 0:01:41] [#]} 25. Rd6 {[%emt 0:03:44] [#]} (25. Rb3 $1 $11 {[%mdl 512] keeps the balance.} Bb5 {[#]} 26. Rc4 $3 {[%mdl 576] Pin}) 25... Qb5 (25... Qb1+ $1 $17 26. Kd2 Rc7) 26. e5 (26. Rb3 $11 {keeps the balance.} Qf1+ {[%mdl 64] Double Attack} 27. Kb2 Rxb3+ 28. axb3 Qxf4 {[%mdl 64] Double Attack} 29. Qa8+ Ke7 {[#]} 30. Rxd7+ $1 Kxd7 31. Qxh8 {[%mdl 64] Double Attack}) 26... f6 {[%emt 0:00:47] [#]} 27. Rxd7 $1 Rxd7 28. Qa8+ {[%emt 0:00:08] [#]} Ke7 $2 (28... Kf7 $1 $11 29. Qxh8 Rxd3 30. exf6 {[#]} (30. cxd3 fxe5 31. Qc8 exf4 $11) 30... Rd1+ $1 {[%mdl 576] Decoy} 31. Kxd1 Qf1+ 32. Kd2 Qxf4+ 33. Kc3 Qxf6+ 34. Kb3 Qf3+ 35. c3 Qd1+ 36. Ka3 Qd6+ 37. Kb3 Qd1+ 38. Ka3 Qd6+ 39. Kb3 Qd1+) 29. Qxh8 {[%emt 0:01:22] Double Attack} Rxd3 30. Qxg7+ {[%emt 0:00:13] Double Attack} ({Not} 30. cxd3 Qc6+ 31. Kd2 Qg2+ 32. Kc3 Qc6+ 33. Kd4 fxe5+ 34. fxe5 Qd5+ 35. Kc3 Qa5+ 36. Kc4 Qxa2+ 37. Kc3 Qa5+ 38. Kc2 Qxe5 $11) 30... Kd8 {[%emt 0:00:29] [#]} 31. Qxf6+ $2 ({Worse is} 31. cxd3 Qc5+ 32. Kd2 Qf2+ 33. Kc3 Qc5+ 34. Kb2 Qb4+ 35. Kc2 Qc5+ 36. Kb3 Qb5+ 37. Ka3 Qa5+ 38. Kb2 Qb6+ 39. Kc3 Qc5+ 40. Kd2 Qf2+ 41. Kc3 Qc5+ $11) (31. Qf8+ $1 $18 Kd7 32. cxd3 Qc6+ 33. Kd2 Qg2+ 34. Kc3 Qc6+ 35. Kd4 fxe5+ 36. Kxe5 Qc7+ 37. Kd4 Qb6+ 38. Qc5 Qb2+ 39. Ke3 Qxh2 40. Qb5+ Kd6 41. Qe5+ Kd7 42. Qd4+ Ke7 43. Qe4) 31... Kc7 32. cxd3 Qc5+ $1 33. Kd1 Qg1+ 34. Kc2 Qf2+ 35. Kb3 Qb6+ 36. Kc4 Qc6+ 37. Kd4 Qd5+ 38. Ke3 Qc5+ 39. Kf3 Qd5+ 40. Kg3 Qxd3+ 41. Kh4 Qd2 42. Qe7+ Kc8 43. Qxe6+ Kb7 44. Qf7+ Kc6 45. h3 $18 Qd3 1-0

[Event "Gibraltar Amateurs B 2020"]
[Site "Caleta"]
[Date "2020.01.27"]
[Round "3.3"]
[White "Bryant, Richard B E"]
[Black "Dragic, Dragan"]
[Result "1-0"]
[ECO "C45"]
[WhiteElo "1849"]
[BlackElo "1781"]
[Annotator "NA"]
[PlyCount "67"]
[EventDate "2020.01.20"]
[EventType "swiss"]
[EventCountry "GGB"]
[SourceTitle "playchess.com"]
[Source "ChessBase"]
[SourceQuality "1"]
[TimeControl "6600+10"]

1. e4 e5 2. Nf3 Nc6 3. d4 exd4 4. Nxd4 Nf6 5. Nxc6 bxc6 6. Bd3 Bb4+ 7. c3 Bc5 8. e5 Qe7 {[%emt 0:05:10] [#]} 9. O-O $1 Nd5 10. Nd2 Nf4 11. Bc2 Ba6 12. c4 Ng6 13. Re1 O-O-O (13... O-O $1 $14) 14. a3 Nxe5 15. b4 Bd4 16. Rb1 Rhe8 17. Re4 c5 18. bxc5 Qxc5 19. Qe2 Bxc4 $2 (19... f5 $19 20. Rxd4 Qxd4) 20. Nxc4 Qxc4 21. Qd2 (21. Qd1 $1 $11 Ng4 22. Bd3 Nxf2 23. Rxd4 (23. Bxc4 Nxd1+ {[%mdl 64] Discovered Attack} 24. Rxd4 Re1+ 25. Bf1 Nc3 $11) 23... Nxd1 24. Rxc4 Re1+ 25. Bf1) 21... c5 22. Bb2 Nc6 23. Bd3 Qa4 $2 (23... Qa2 $17 24. Qc1 Rxe4 25. Bxe4 Re8 26. Bxd4 (26. Bxc6 $2 Bxb2 27. Bb7+ Kc7 $19) 26... Rxe4 27. Bxg7 Re2) 24. Bxd4 Rxe4 ({Don't blunder} 24... Nxd4 $2 25. Qf4 $18) 25. Bxe4 $2 (25. Bxc5 $16 {and life is bright.} Rde8 26. Bxe4 Qxe4 27. Rc1) 25... Qxd4 26. Qc2 Qd6 $2 ({Black should play} 26... d5 $17 27. Bf3 (27. Bf5+ $2 Kc7 $19) 27... c4) 27. Qa4 Re8 28. Bxc6 Qxc6 29. Qxa7 Qb5 30. Rc1 Re5 31. h3 Qc6 32. Rb1 $18 Qd6 33. Qa8+ Kc7 34. Qb8+ {[%emt 0:00:05] Kd8} 1-0

[Event "Gibraltar Amateurs B 2020"]
[Site "Caleta"]
[Date "2020.01.27"]
[Round "3.4"]
[White "Nebel, Uwe"]
[Black "Greco, Joseph"]
[Result "0-1"]
[ECO "C25"]
[WhiteElo "1847"]
[BlackElo "1691"]
[Annotator "NA"]
[PlyCount "136"]
[EventDate "2020.01.20"]
[EventType "swiss"]
[EventCountry "GGB"]
[SourceTitle "playchess.com"]
[Source "ChessBase"]
[SourceQuality "1"]
[TimeControl "6600+10"]

1. e4 g6 2. Nc3 e5 3. Bc4 c6 4. Nf3 Bg7 5. a4 Ne7 6. d3 d6 7. Be3 d5 8. exd5 cxd5 9. Bb5+ Nbc6 10. d4 e4 11. Ne5 (11. Ng1 $17 {was necessary.}) 11... f6 12. Nxc6 bxc6 13. Be2 Nf5 14. O-O h5 15. Qd2 h4 16. f3 Nxe3 17. Qxe3 Bh6 18. f4 ({White should try} 18. Qf2 $15 exf3 19. Bxf3) 18... Rb8 19. Nxe4 dxe4 20. Qxe4+ Kf7 21. Bc4+ Kg7 22. b3 Bf5 23. Qxc6 Qxd4+ {[%emt 0:00:15] Double Attack} 24. Kh1 Rhc8 25. c3 Qd2 ({Weaker is} 25... Rxc6 26. cxd4 Be4 27. Kg1 $19) 26. Qf3 {[%emt 0:03:39] [#]} h3 $1 27. g4 {[%emt 0:00:38] [#]} Bd7 $2 (27... Bxf4 $1 28. Rf2 {[#]} (28. Qxf4 Qg2#) 28... Be4 $1 {[%mdl 576] Deflection} 29. Qxe4 Qxf2) 28. Rad1 Qg2+ 29. Qxg2 hxg2+ 30. Kxg2 Bxg4 31. Rd4 Re8 32. Kf2 Re7 33. Rg1 Bf5 34. a5 Re4 35. Rxe4 Bxe4 36. Re1 f5 37. Rd1 Rb7 38. Kg3 Kh7 39. a6 Rc7 40. Rc1 Bg7 41. Kf2 Bf6 42. Kg3 Kg7 43. Kf2 Rd7 44. Ke3 Re7 45. Kf2 Bh4+ 46. Kf1 Bf3 47. b4 Re4 48. Bd5 Be2+ 49. Kg1 Rxf4 50. c4 Rg4+ 51. Kh1 Bf2 52. c5 Bxa6 53. Bf3 Rxb4 54. c6 Rc4 55. Rf1 Bb6 56. Be2 Ra4 57. Bxa6 Rxa6 58. Rd1 Ra2 59. Rd7+ Kf6 60. Rd6+ Kg5 61. h4+ Kh5 62. Rd7 Kxh4 63. c7 {[%emt 0:00:26] [#]} Bxc7 $1 64. Rxc7 Kg4 65. Rc3 f4 66. Kg1 f3 67. Kf1 Kg3 68. Rc1 Rh2 0-1

[Event "Gibraltar Amateurs B 2020"]
[Site "Caleta"]
[Date "2020.01.27"]
[Round "3.5"]
[White "Anjali R. Sagar"]
[Black "Gonzalez Pabollet, Jesus Maria S"]
[Result "1-0"]
[ECO "B01"]
[WhiteElo "1775"]
[BlackElo "1845"]
[Annotator "NA"]
[PlyCount "57"]
[EventDate "2020.01.20"]
[EventType "swiss"]
[EventCountry "GGB"]
[SourceTitle "playchess.com"]
[Source "ChessBase"]
[SourceQuality "1"]
[TimeControl "6600+10"]

1. e4 d5 2. exd5 Qxd5 3. Nc3 Qa5 4. d4 c6 5. Nf3 Bg4 6. Be2 Nf6 7. Bd2 Qc7 8. h3 Bf5 {[%emt 0:02:28] [#]} 9. Ne5 (9. g4 $1 $16 Bg6 10. h4) 9... e6 10. g4 Be4 11. Rg1 h6 12. h4 Bd5 13. g5 hxg5 14. hxg5 Ne4 15. Nxd5 exd5 16. Bf4 Nd7 17. c3 Bd6 18. f3 Nxe5 (18... Nec5 $11 19. Nxd7 Nxd7 20. Bxd6 Qxd6) 19. dxe5 Bxe5 (19... Bc5 $16 20. Rf1 Nxg5 21. Bxg5 Qxe5) 20. Bxe5 Qxe5 21. fxe4 Rh2 22. Qd3 O-O-O 23. O-O-O Rdh8 24. Bg4+ Kd8 (24... Kb8 $142 25. exd5 Rd8) 25. exd5 Qxg5+ 26. Kb1 c5 27. Qg3 Qg6+ 28. Ka1 Qc2 29. Qd6+ {[%emt 0:00:14] Double Attack} 1-0

[Event "Gibraltar Amateurs B 2020"]
[Site "Caleta"]
[Date "2020.01.27"]
[Round "3.6"]
[White "Hari Charan Sai Kalluri"]
[Black "D`haluin, Wim"]
[Result "1-0"]
[ECO "B08"]
[WhiteElo "1836"]
[BlackElo "1686"]
[Annotator "NA"]
[PlyCount "65"]
[EventDate "2020.01.20"]
[EventType "swiss"]
[EventCountry "GGB"]
[SourceTitle "playchess.com"]
[Source "ChessBase"]
[SourceQuality "1"]
[TimeControl "6600+10"]

1. d4 Nf6 2. Nf3 d6 3. Nc3 c6 4. e4 g6 5. Be2 Bg7 6. Bg5 O-O 7. Qd2 {[%emt 0:00:02] B08: Pirc Defence: Classical System} Bg4 (7... b5 8. a3 Qc7 9. Bh6 e5 10. h4 Bxh6 11. Qxh6 Ng4 12. Qd2 h5 13. d5 a6 14. Nh2 Nxh2 15. Rxh2 {1-0 (38) Nizynski,M (2618)-McNab,C (2523) England 1999}) 8. h3 Bxf3 9. Bxf3 Nbd7 10. h4 c5 $146 ({Predecessor:} 10... h5 $11 {keeps the balance.} 11. Bh6 c5 12. Bxg7 Kxg7 13. d5 a6 14. a3 b5 {0-1 (56) Kavvadas,D (1287)-Giannoulis,D (1709) Petroupoli 2012}) 11. O-O-O cxd4 12. Qxd4 Qa5 ({Better is} 12... Ng4 $15 13. Qd2 Bxc3 14. bxc3 Ngf6) 13. Qa4 Qe5 14. Be3 Nc5 15. Qb4 a5 16. Qb5 Nfd7 17. g3 a4 18. Bg4 (18. a3 $16) 18... f5 (18... a3 $11 {remains equal.} 19. Bd4 axb2+ 20. Qxb2 Qxd4 21. Rxd4 Bxd4 22. Bxd7 Nxe4) 19. Bd4 Qe6 $2 (19... Nb3+ $14 20. axb3 Qxb5 21. Nxb5 Bxd4) 20. Be2 Ne5 21. f4 Qd7 22. fxe5 Qxb5 23. Bxb5 Nxe4 24. Nxe4 dxe5 25. Ng5 exd4 26. Kb1 Rf6 27. h5 Rc8 28. Bxa4 Rb6 29. hxg6 $18 h6 30. Ne6 Rcc6 31. Bxc6 bxc6 32. Nxg7 Kxg7 33. Rxd4 1-0